 Dungeon Crawl Stone Soup version 0.23.1 (webtiles) character file.

Game seed: 2546800254877975344

0 glosham the Skirmisher (level 1, -6/18 HPs)
             Began as a Mummy Abyssal Knight on Mar 12, 2019.
             Was a Follower of Lugonu.
             Mangled by a black mamba (19 damage)
             ... summoned by a worldbinder
             ... on level 2 of the Abyss.
             The game lasted 00:01:42 (75 turns).

glosham the Skirmisher (Mummy Abyssal Knight)         Turns: 75, Time: 00:01:42

Health: -6/18      AC:  3    Str: 15    XL:     1   Next: 0%
Magic:  2/2        EV: 11    Int: 11    God:    Lugonu [*.....]
Gold:   0          SH:  0    Dex: 11    Spells: 0/0 levels left

rFire    x . .     SeeInvis .   a - +1 hand axe
rCold    + . .     Gourm    .   (no shield)
rNeg     + + +     Faith    .   b - +0 leather armour
rPois    ∞         Spirit   .   (no helmet)
rElec    .         Reflect  .   (no cloak)
rCorr    .         Harm     .   (no gloves)
MR       .....                  (no boots)
Stlth    +.........             (no amulet)
HPRegen  0.06/turn              (no ring)
MPRegen  0.08/turn              (no ring)

@: no status effects
A: no food or potions, fire vulnerability, cold resistance 1, negative energy
resistance 3, torment resistance, unbreathing
a: Depart the Abyss, Renounce Religion


You were on level 2 of the Abyss.
You worshipped Lugonu.
Lugonu was aware of your devotion.
You were not hungry.

You visited 0 branches of the dungeon, and saw 0 of its levels.
You visited the Abyss 1 time.

Inventory:

Hand Weapons
 a - a +1 hand axe (weapon)
Armour
 b - a +0 leather armour (worn)


   Skills:
 * Level 3.0 Fighting
 - Level 1.5 Axes
 - Level 1.5 Armour
 - Level 0.7 Dodging
 - Level 1.5 Invocations


You couldn't memorise any spells.
You didn't know any spells.
Your spell library was empty.

Dungeon Overview and Level Annotations

Branches:
Dungeon (0/15)

Altars:


Innate Abilities, Weirdness & Mutations

You do not eat or drink.
Your flesh is vulnerable to fire.
You are immune to poison.
Your flesh is cold resistant. (rC+)
You are immune to negative energy. (rN+++)
You are immune to unholy pain and torment.
You can survive without breathing.


Message History

Welcome, glosham the Mummy Abyssal Knight.
The bosom of this dungeon contains the fabled artefact, the Orb of Zot.
Lugonu says: Depart the Abyss and spread corruption, my servant! (use the ability menu to exit the Abyss) Press ? for a list of commands and other information.
Found a whip.
Found a corrupted altar of Lugonu.
Found a gateway leading deeper into the Abyss.
Found a gateway leading out of the Abyss.
There is a gateway leading deeper into the Abyss here.
You plunge deeper into the Abyss.
Found a ration.
You see here a ration.
Found an emerald potion.
A tentacled starspawn comes into view.
Tentacles burst from the starspawn's body! 2 starspawn tentacles come into view.
The starspawn tentacle moves out of view.
The starspawn tentacle grabs you. The starspawn tentacle constricts you.
You escape the starspawn tentacle's grasp.
The starspawn tentacle grabs you. The starspawn tentacle constricts you.
You escape the starspawn tentacle's grasp.
An ancient zyme comes into view.
You are suddenly pulled into a different region of the Abyss!
A worldbinder comes into view.
Found 29 sling bullets.
The worldbinder calls forth creatures from the Snake Pit!
The black mamba bites you but does no damage.
The black mamba completely misses you. The black mamba closely misses you.
You see here 29 sling bullets.
The black mamba bites you. The black mamba bites you!!
Ouch! That really hurt!
You die...

#..#.##.
#. ....#
#..#.#
#.# # #.
##.# #
##N.#
#...##
###x.###
#S#..#
#.@###
#..#
.....
#.#.##.#
.. #. ##
.# #. .#
#


You could see a worldbinder, a black mamba and a naga.

Vanquished Creatures (others)
  2 starspawn tentacles (Abyss:2)
2 creatures vanquished.

Notes
Turn   | Place    | Note
-------+----------+-------------------------------------------
     0 | Abyss:1  | glosham the Mummy Abyssal Knight began the quest for the
                  | Orb.
     0 | Abyss:1  | Reached XP level 1. HP: 18/18 MP: 2/2
    37 | Abyss:2  | Noticed a tentacled starspawn
    60 | Abyss:2  | Noticed an ancient zyme
    66 | Abyss:2  | Noticed a worldbinder
    72 | Abyss:2  | Noticed a black mamba
    72 | Abyss:2  | Noticed a naga
    75 | Abyss:2  | Mangled by a black mamba

Action                   || total
-------------------------++-------
Armor: Leather armour    ||     1
Dodge: Dodged            ||     2

Table legend:
 A = Turns spent in this place as a percentage of turns spent in the entire game.
 B = Non-inter-level travel turns spent in this place as a percentage of non-inter-level travel turns spent in the entire game.
 C = Inter-level travel turns spent in this place as a percentage of turns spent in this place.
 D = Turns resting spent in this place as a percentage of non-inter-level travel turns spent in this place.
 E = Turns spent auto-exploring this place as a percentage of non-inter-level travel turns spent in this place.
 F = Non-inter-level travel turns spent in this place divided by the number of levels of this place that you've seen.
                   A       B       C       D       E      F
               +-------+-------+-------+-------+-------+----------------------
         Total | 100.0 | 100.0 |   0.0 |   0.0 |   0.0 |  37.5
         Abyss | 100.0 | 100.0 |   0.0 |   0.0 |   0.0 |  37.5
               +-------+-------+-------+-------+-------+----------------------

Levels and vault maps discovered:
Abyss:1:  minivault_28
Abyss:2
